 Dungeon Crawl Stone Soup version 0.18.1-48-g4cf74bf (webtiles) character file.

3007 Gargoyl the Protected (level 9, -10/68 (69) HPs)
             Began as a Demonspawn Abyssal Knight on Aug 27, 2016.
             Was an Elder of Lugonu.
             Mangled by Grum
             ... wielding a +1 glaive
              (13 damage)
             ... on level 8 of the Dungeon.
             The game lasted 00:15:05 (5457 turns).

Gargoyl the Protected (Demonspawn Abyssal Knight)   Turns: 5457, Time: 00:15:06

HP:   -10/68 (69)   AC: 15    Str: 19    XL:     9   Next: 54%
MP:   11/11         EV:  7    Int: 14    God:    Lugonu [****..]
Gold: 350           SH:  0    Dex: 13    Spells: 0 memorised, 8 levels left

rFire  . . .     SeeInvis .     s - +3 hand axe (flame)
rCold  . . .     Gourm    .     C - +1 plate armour
rNeg   . . .     Faith    .     (no shield)
rPois  +         Spirit   .     (helmet restricted)
rElec  .         Dismiss  .     (no cloak)
rCorr  .         Reflect  .     (no gloves)
SustAt .         Harm     .     (no boots)
MR     .....                    (no amulet)
Stlth  ..........               g - ring of poison resistance
                                e - +4 ring of strength

@: lethally poisoned (-10 -> -10), not resistant to hostile enchantments,
extremely unstealthy
A: claws 2, hooves 2, horns 1, demonic guardian 2, powered by death 1
a: Depart the Abyss, Bend Space, Banish, Corrupt, Renounce Religion


You were on level 8 of the Dungeon.
You worshipped Lugonu.
Lugonu was greatly pleased with you.
You were not hungry.

You visited 1 branch of the dungeon, and saw 8 of its levels.
You visited the Abyss 1 time.

You collected 350 gold pieces.

Inventory:

Hand Weapons
 q - a +0 war axe
 s - a +3 hand axe of flaming (weapon)
Armour
 C - a +1 plate armour (worn)
Jewellery
 e - a +4 ring of strength (left claw)
 g - a ring of poison resistance (right claw)
 l - an uncursed amulet of regeneration {unknown}
 m - an uncursed ring of magical power
Wands
 n - a wand of lightning (4/15)
 A - a wand of acid (9/15)
Scrolls
 b - 10 scrolls of identify
 d - a scroll of enchant armour
 i - 6 scrolls of remove curse
 o - a scroll of blinking
 r - 2 scrolls of fog
 u - a scroll of teleportation
Potions
 a - a potion of ambrosia
 k - a potion of haste {unknown}
 t - 2 potions of curing {unknown}
 v - a potion of flight
 w - 2 potions of lignification {unknown}
 x - a potion of might {unknown}
 z - a potion of brilliance {unknown}
 D - a potion of degeneration {unknown}
Comestibles
 c - 7 bread rations
 f - 3 beef jerkies
 h - 5 royal jellies
 j - a meat ration
 B - 4 fruits


   Skills:
 + Level 6.2 Fighting
 + Level 5.4 Axes
 * Level 9.3 Armour
 + Level 2.9 Dodging
 + Level 1.1 Stealth
 + Level 3.2 Invocations
 + Level 0.6 Evocations


You had 8 spell levels left.
You didn't know any spells.

Dungeon Overview and Level Annotations

Branches:
Dungeon (8/15)             Temple (0/1) D:5
   Lair: D:8-11

Altars:
Ashenzari
Kikubaaqudgha
Okawaru
Pakellas
Trog
Vehumet

Annotations:
D:8 Grum


Innate Abilities, Weirdness & Mutations

You have very sharp fingernails.
You have hoof-like feet.
You have a pair of small horns on your head.
A demonic guardian rushes to your aid.
You regenerate a little health from kills.


Message History

Unknown command.
Your sun demon disappears in a puff of smoke!
Your smoke demon hits Grum but does no damage.
Your smoke demon closely misses Grum.
Your smoke demon hits Grum.
Unknown command.
Your smoke demon disappears in a puff of smoke!
Grum hits you from afar with an enchanted glaive!
Unknown command.
Grum hits you with an enchanted glaive!!
* * * LOW HITPOINT WARNING * * *
You see here a wolf corpse.
You hit Grum. You burn Grum. You headbutt Grum, but do no damage.
Grum is almost dead.
You feel sick. Grum hits you with an enchanted glaive!
* * * LOW HITPOINT WARNING * * *
You closely miss Grum. You kick Grum, but do no damage.
Your headbutt misses Grum.
Grum is almost dead.
Grum hits you with an enchanted glaive!
You die... ### ##.. ###.# ### #...# ... #.#†###.# #.##...# # #.###@###y... #.# #.ghhyy.?

#.# #####yy.. #.#
.. #†#
#######.#######
#.............#.
##.#####.####...#
#................


You could see Grum, 2 wolves and 4 killer bees.

Vanquished Creatures
  The ghost of ayyllmao the Shield-Bearer, a novice FoFi of Ru (D:6)
  Sigmund (D:4)
  Eustachio (D:4)
  A water moccasin (D:7)
  Duvessa (D:4)
  An ice beast (D:7)
  2 sky beasts
  A black bear (D:6)
  An orc warrior (D:5)
  2 ogres (D:7)
  A giant frog (D:8)
  A wyvern zombie (D:7)
  A scorpion (D:6)
  3 crimson imps
  2 howler monkeys
  A quasit (D:7)
  A jelly (D:7)
  A hound (D:6)
  3 orc priests
  An iguana (D:7)
  2 orc wizards
  3 worker ants
  A hound zombie (D:5)
  A hound skeleton (D:6)
  3 gnolls (D:6)
  8 adders
  An adder skeleton (D:5)
  An adder zombie (D:5)
  3 worms (D:2)
  4 dart slugs
  8 giant geckos
  12 orcs
  2 bats (D:1)
  3 giant cockroaches
  3 hobgoblins (D:1)
  19 jackals
  10 kobolds
  2 quokkas
  A ball python (D:1)
  A giant gecko zombie (D:5)
  2 giant newts
  8 goblins
  2 quokka skeletons (D:6)
  13 rats
140 creatures vanquished.

Vanquished Creatures (collateral kills)
  Grinder (D:4)
  Prince Ribbit (D:7)
  Menkaure (D:4)
  A black bear (D:6)
  A necrophage (D:6)
  2 wolves (D:8)
  Dowan (D:4)
  An orc priest (D:3)
  An orc wizard (D:4)
  An adder skeleton (D:5)
  4 orcs
  3 jackals (D:4)
18 creatures vanquished.

Vanquished Creatures (others)
  A crimson imp (D:5)
  A giant cockroach (D:7)
  2 starspawn tentacles (Abyss:2)
4 creatures vanquished.

Grand Total: 162 creatures vanquished

Notes
Turn   | Place    | Note
--------------------------------------------------------------
     0 | Abyss:1  | Gargoyl the Demonspawn Abyssal Knight began the quest for the Orb.
     0 | Abyss:1  | Reached XP level 1. HP: 18/18 MP: 2/2
    72 | Abyss:2  | Noticed a tentacled starspawn
    77 | D:1      | Escaped the Abyss
   221 | D:1      | Reached * piety under Lugonu
   256 | D:1      | Reached skill level 1 in Dodging
   256 | D:1      | Gained mutation: You have large cloven feet. [demonic ancestry]
   256 | D:1      | Reached XP level 2. HP: 23/24 MP: 3/3
   390 | D:1      | Reached skill level 2 in Armour
   547 | D:1      | Gained mutation: A weak demonic guardian rushes to your aid. [demonic ancestry]
   547 | D:1      | Reached XP level 3. HP: 29/29 MP: 4/4
   886 | D:2      | Reached ** piety under Lugonu
  1095 | D:2      | Gained mutation: You regenerate a little health from kills. [demonic ancestry]
  1095 | D:2      | Reached XP level 4. HP: 33/37 MP: 6/6
  1452 | D:3      | Reached skill level 3 in Armour
  1569 | D:3      | Gained mutation: You have hoof-like feet. [demonic ancestry]
  1569 | D:3      | Reached XP level 5. HP: 41/42 MP: 7/7
  1573 | D:3      | Reached *** piety under Lugonu
  2117 | D:4      | Noticed Menkaure
  2126 | D:4      | Killed Menkaure
  2126 | D:4      | Gained mutation: You have sharp fingernails. [demonic ancestry]
  2126 | D:4      | Reached XP level 6. HP: 47/49 MP: 8/8
  2152 | D:4      | Noticed Grinder
  2187 | D:4      | Paralysed by Grinder for 5 turns
  2191 | D:4      | Killed Grinder
  2191 | D:4      | Reached skill level 4 in Armour
  2248 | D:4      | Noticed Sigmund
  2258 | D:4      | Noticed Eustachio
  2265 | D:4      | Killed Sigmund
  2265 | D:4      | Gained mutation: You have very sharp fingernails. [demonic ancestry]
  2265 | D:4      | Reached XP level 7. HP: 28/55 MP: 9/9
  2271 | D:4      | Noticed Duvessa
  2271 | D:4      | Reached skill level 5 in Armour
  2289 | D:4      | Killed Duvessa
  2582 | D:4      | Killed Eustachio
  2685 | D:4      | Noticed Dowan
  2796 | D:4      | Killed Dowan
  2986 | D:5      | Entered Level 5 of the Dungeon
  2986 | D:5      | Found a staircase to the Ecumenical Temple.
  2995 | D:5      | Reached skill level 6 in Armour
  3183 | D:5      | Found an ancient bone altar of Kikubaaqudgha.
  3202 | D:5      | Found a shattered altar of Ashenzari.
  3235 | D:5      | Gained mutation: You have a pair of small horns on your head. [demonic ancestry]
  3235 | D:5      | Reached XP level 8. HP: 61/61 MP: 10/10
  3415 | D:5      | Reached skill level 5 in Fighting
  3454 | D:6      | Found a bloodstained altar of Trog.
  3463 | D:6      | Reached **** piety under Lugonu
  3731 | D:5      | HP: 3/62 [orc warrior/dire flail (17)]
  3938 | D:6      | Reached skill level 7 in Armour
  4254 | D:6      | Noticed ayyllmao's ghost (novice FoFi)
  4281 | D:6      | Killed ayyllmao's ghost
  4281 | D:6      | Reached skill level 1 in Stealth
  4314 | D:6      | Reached skill level 8 in Armour
  4314 | D:6      | Gained mutation: A demonic guardian rushes to your aid. [demonic ancestry]
  4314 | D:6      | Reached XP level 9. HP: 47/68 MP: 11/11
  4693 | D:7      | Reached skill level 5 in Axes
  4719 | D:7      | Noticed Prince Ribbit
  4723 | D:7      | Killed Prince Ribbit
  4743 | D:7      | Found an iron altar of Okawaru.
  4978 | D:7      | Found an oddly glowing altar of Pakellas.
  5010 | D:7      | Reached skill level 9 in Armour
  5039 | D:7      | Found a radiant altar of Vehumet.
  5441 | D:8      | Noticed Grum
  5456 | D:8      | HP: 2/68 [Grum/enchanted glaive (13)]
  5457 | D:8      | Mangled by Grum

Skill      XL: |  1  2  3  4  5  6  7  8  9 |
---------------+----------------------------+-----
Dodging        | 1 2 |  2.9
Armour         | 2 3 4 6 8 9 |  9.3
Axes           | 2 3 4 5 |  5.4
Fighting       | 4 5 6 |  6.2
Invocations    | 3 |  3.2
Stealth        | 1 |  1.1
Evocations     | |  0.6

Action                   |  1- 3 |  4- 6 |  7- 9 || total
-------------------------+-------+-------+-------++-------
Melee: Hand axe          |   135 |   100 |   359 ||   594
       Kick              |    24 |    25 |   108 ||   157
       Spear             |       |       |    15 ||    15
       Headbutt          |       |       |    36 ||    36
Invok: Depart the Abyss  |     1 |       |       ||     1
       Banish            |       |       |     1 ||     1
Evoke: Wand              |       |       |     2 ||     2
  Use: Scroll            |     1 |       |    13 ||    14
       Potion            |       |     2 |     2 ||     4
  Eat: Chunk             |     1 |     4 |     9 ||    14
       Fruit             |       |       |     2 ||     2
Armor: Chain mail        |   108 |    66 |   139 ||   313
       Skin              |       |       |     2 ||     2
       Plate armour      |       |       |   133 ||   133
Dodge: Dodged            |    66 |    47 |   184 ||   297
